AoeStats
← JustClus

Glade

510297189Analyzed
1v1 RM · 9h ago on Sep 30, 2026· 19m 40s· 2 players
Game mode
Random Map
Map size
Tiny (2 player)
Population
200
Speed
Normal
Resources
Standard
Victory
Conquest
Starting age
Dark Age
Ending age
Imperial Age
RankedLock teamsTeams togetherTeam positionsShared explorationLock speedFull tech treeHidden civsTurbo modeCheats
Victory
Defeat
🇹🇷 Spanish · Türkiye
1034
+17
🇮🇳 Mongols · India
1058
-17
JustClus
7:18 Loom
12:00 Feudal Age
16:00 Castle Age
14:41 Double-Bit Axe
15:02 Horse Collar
TheBaneOfTengri
7:52 Loom
9:38 Feudal Age
10:33 Horse Collar
10:59 Double-Bit Axe
21:28 Castle Age
Connection lost

Rejoining the realm…

Still unreachable

The connection could not be restored.

Session expired

The server has moved on; the page needs a fresh start.